 Dungeon Crawl Stone Soup version 0.28.0-53-g5a82cb258f (webtiles) character file.

Game seed: 14862349245364229125

93 Condegh the Digger (level 4, 0/26 HPs)
             Began as a Gargoyle Earth Elementalist on July 31, 2022.
             Slain by an orc
             ... wielding a +0 club
              (3 damage)
             ... on level 3 of the Dungeon.
             The game lasted 00:13:11 (3074 turns).

Condegh the Digger (Gargoyle Earth Elementalist)    Turns: 3074, Time: 00:13:11

Health: 0/26       AC:  5    Str: 12    XL:     4   Next: 62%
Magic:  6/7        EV: 12    Int: 17    God:
Gold:   119        SH:  0    Dex: 10    Spells: 3/7 levels left

rFire   . . .      SeeInvis +   a - +0 whip
rCold   . . .      Faith    .   (no shield)
rNeg    + . .      Spirit   .   b - +0 robe
rPois   ∞          Reflect  .   (no helmet)
rElec   +          Harm     .   (no cloak)
rCorr   .          Rampage  .   (no gloves)
Will    .....                   (no boots)
Stlth   ++........              (no amulet)
HPRegen 0.08/turn               k - ring of see invisible
MPRegen 0.10/turn               (no ring)

@: brilliant
A: sickness immunity, AC +3, negative energy resistance 1, electricity
resistance, torment resistance 1, petrification resistance
a: no special abilities


You were on level 3 of the Dungeon.
You visited 1 branch of the dungeon, and saw 3 of its levels.

You collected 119 gold pieces.

Inventory:

Hand Weapons
 a - a +0 whip (weapon)
Missiles
 c - 31 stones
Armour
 b - a +0 robe (worn)
 d - an orb of wrath
Jewellery
 k - a ring of see invisible (left hand)
Scrolls
 e - a scroll of fog {unknown}
 h - a scroll of summoning {unknown}
 i - a scroll of blinking {unknown}
 l - a scroll of identify {unknown}
 m - a scroll of immolation {unknown}
Potions
 g - a potion of mutation {unknown}
 j - a potion of degeneration {unknown}


   Skills:
 + Level 1.6 Fighting
 + Level 1.4 Maces & Flails
 - Level 2.0 Dodging
 - Level 2.1 Stealth
 + Level 2.4 Spellcasting
 + Level 1.0 Conjurations
 - Level 0.7 Transmutations
 + Level 4.5 Earth Magic


You had 3 spell levels left.
You knew the following spells:

 Your Spells              Type           Power      Damage    Failure   Level
a - Sandblast             Erth           52%        2d12      2%          1
b - Stone Arrow           Conj/Erth      34%        3d9       17%         3

Your spell library contained the following spells:

 Spells                   Type           Power      Damage    Failure   Level
 Passwall                 Tmut/Erth      13%        N/A       10%         2
 Petrify                  Tmut/Erth      16%        N/A       52%         4


Dungeon Overview and Level Annotations

Branches:
Dungeon (3/15)

Altars:


Innate Abilities, Weirdness & Mutations

You are immune to sickness and miasma.
Your stone body is resilient. (AC +3)
You are immune to poison.
You resist negative energy. (rN+)
You are resistant to electric shocks. (rElec)
You are resistant to unholy torment.
You are immune to petrification.


Message History

You barely miss the orc. The orc completely misses you.
You closely miss the orc. The orc hits you with a +0 flail.
Found 12 gold pieces.
You hit the orc.
The orc is almost dead.
The orc barely misses you.
You hit the orc but do no damage.
The orc is almost dead.
The orc hits you but does no damage.
You barely miss the orc.
The orc is almost dead.
The orc closely misses you.
You barely miss the orc.
The orc is almost dead.
You hit the orc but do no damage.
The orc is almost dead.
The orc hits you with a +0 flail. The orc hits you with a +0 falchion.
You barely miss the orc.
The orc is almost dead.
The orc hits you with a +0 flail! The orc hits you with a +0 falchion.
You hit the orc.
You kill the orc!
Casting: Sandblast (safe; 2% risk of failure)
Confirm with . or Enter, or press ? or * to list all spells.
Aiming: Sandblast (safe; 2% risk of failure)
Press: ? - help, Shift-Dir - straight line, f - orc
Aim: an orc, wielding a +0 falchion (79% to hit)
You miscast Sandblast.
You are very lightly contaminated with residual magic.
Nothing appears to happen.
The orc hits you but does no damage. The orc hits you with a +0 falchion.
* * * LOW HITPOINT WARNING * * *
It was a potion of brilliance.
You feel clever all of a sudden. The orc hits you but does no damage.
The orc hits you with a +0 falchion.
* * * LOW HITPOINT WARNING * * *
Your magical contamination has completely faded away.
The orc hits you with a +0 club.
You die...

......... . #........
..###+#.........
.................
..................
...................
........................
#@................
#.oo..............
#.o.K^............
#.................
#$...o.)..........
#.................
#.......).<.......
#########.#####.## #...#


You could see 4 orcs and a kobold.

Vanquished Creatures
  4 gnolls (D:2)
  4 orcs
  4 endoplasms
  A giant cockroach (D:1)
  4 goblins (D:1)
  7 hobgoblins
  2 jackals (D:1)
  3 quokkas
  5 ball pythons
  4 bats
  3 frilled lizards (D:1)
  3 kobolds (D:1)
  6 rats
50 creatures vanquished.

Notes
Turn   | Place    | Note
-------+----------+-------------------------------------------
     0 | D:1      | Condegh the Gargoyle Earth Elementalist began the quest for
                  | the Orb.
     0 | D:1      | Reached XP level 1. HP: 10/10 MP: 3/3
   364 | D:1      | Reached skill level 4 in Earth Magic
   364 | D:1      | Reached XP level 2. HP: 16/16 MP: 5/5
  1524 | D:1      | Reached skill level 1 in Fighting
  1524 | D:1      | Reached XP level 3. HP: 20/20 MP: 6/6
  1528 | D:1      | Learned a level 3 spell: Stone Arrow
  2197 | D:2      | Reached skill level 1 in Maces & Flails
  2203 | D:2      | Reached XP level 4. HP: 25/25 MP: 1/7
  2614 | D:2      | Reached skill level 1 in Conjurations
  3074 | D:3      | Slain by an orc

Illustrated notes

Levels and vault maps discovered:
D:1:      psy_arrival_statuary, layout_basic, st_stairs_14
D:2:      layout_rooms
D:3:      layout_basic, minmay_unequal

Skill      XL: |  1  2  3  4 |
---------------+-------------+-----
Earth Magic    | 4 |  4.5
Fighting       | 1 |  1.6
Maces & Flails | 1 |  1.4
Dodging        | 2 |  2.0
Conjurations   | 1 |  1.0
Stealth        | |  2.1
Spellcasting   | |  2.4
Transmutations | |  0.7

Action                   |  1- 3 |  4- 6 || total
-------------------------+-------+-------++-------
Melee: Unarmed           |    15 |       ||    15
       Whip              |   128 |    68 ||   196
       Punch             |     2 |     1 ||     3
 Cast: Sandblast         |    11 |     5 ||    16
  Use: Potion            |       |     1 ||     1
 Stab: Sleeping          |     3 |       ||     3
Armor: Robe              |    57 |    22 ||    79
Dodge: Dodged            |    99 |    32 ||   131
